 Dungeon Crawl Stone Soup version 0.19.5 (webtiles) character file.

97 pps the Charlatan (level 4, 0/22 HPs)
             Began as a Spriggan Artificer on Mar 22, 2017.
             Slain by Sigmund
             ... wielding a +1 scythe of freezing
              (1 damage)
             ... on level 2 of the Dungeon.
             The game lasted 00:10:52 (2402 turns).

pps the Charlatan (Spriggan Artificer)              Turns: 2402, Time: 00:10:53

Health: 0/22       AC:  2    Str:  9    XL:     4   Next: 42%
Magic:  8/8        EV: 19    Int: 12    God:
Gold:   27         SH:  0    Dex: 16    Spells: 0 memorised, 3 levels left

rFire  . . .     SeeInvis +     a - +0 short sword
rCold  . . .     Gourm    .     b - +0 robe
rNeg   . . .     Faith    .     (shield restricted)
rPois  .         Spirit   .     (helmet restricted)
rElec  .         Reflect  .     (no cloak)
rCorr  .         Harm     .     (gloves unavailable)
MR     .....                    (boots unavailable)
Stlth  ++........               (no amulet)
                                (no ring)
                                (no ring)

@: very quick
A: unfitting armour, see invisible, herbivore 3, speed 3, slow metabolism 2
a: no special abilities


You were on level 2 of the Dungeon.
You were not hungry.

You visited 1 branch of the dungeon, and saw 2 of its levels.

You collected 27 gold pieces.

Inventory:

Hand Weapons
 a - a +0 short sword (weapon)
 k - a +0 spear
 n - a +0 whip
 p - a +0 whip
Missiles
 l - 34 arrows
 o - 18 sling bullets
 q - 11 poisoned needles
 r - 15 stones (quivered)
Armour
 b - a +0 robe (worn)
Wands
 c - a wand of flame (15/48)
 d - a wand of enslavement (14/24)
 e - a wand of random effects (15/48)
Scrolls
 i - 2 scrolls of noise {unknown}
 j - a scroll of enchant armour {unknown}
 m - a scroll of immolation {unknown}
Comestibles
 f - a bread ration
 g - 2 beef jerkies
 h - a royal jelly


   Skills:
 + Level 1.1 Fighting
 + Level 2.7 Short Blades
 + Level 4.1 Dodging
 + Level 2.1 Stealth
 + Level 5.2 Evocations


You had 3 spell levels left.
You didn't know any spells.

Dungeon Overview and Level Annotations

Branches:
Dungeon (2/15)

Altars:

Annotations:
D:2 Sigmund


Innate Abilities, Weirdness & Mutations

You are very small and have problems with some larger weapons.
You are too small for most types of armour.
You have supernaturally acute eyesight. (SInv)
You are a herbivore.
You cover ground extremely quickly.
You need consume almost no food.


Message History

The jackal closely misses you. Sigmund completely misses you.
The jackal misses you.
You hit the jackal.
You kill the jackal!
You hit the jackal but do no damage. The jackal completely misses you.
Sigmund hits you from afar with a scythe of freezing!
Sigmund freezes you. The jackal bites you.
* * * LOW HITPOINT WARNING * * *
You hit the jackal but do no damage. The jackal misses you.
Sigmund barely misses you.
You hit the jackal.
The jackal is moderately wounded.
The jackal misses you. The jackal closely misses you.
You closely miss the jackal. Sigmund closely misses you. The jackal misses you.
You hit the jackal but do no damage. The jackal barely misses you.
You miss the jackal. The jackal misses you.
Sigmund hits you from afar with a scythe of freezing.
* * * LOW HITPOINT WARNING * * *
Sigmund freezes you.
You die...

#+###+# '.....+
#..S..# #.....####
#.....#รท.#
#.....#..#
#+####'####'##
.............#######
.((.((.......[@h@..#
.............####.##
#+####'####'## #.#
... #..# #.# #..
#..# #.# #.. ####
#.# #. #.# '. #.#
### #.#


You could see Sigmund (invisible) and a jackal.

Vanquished Creatures
  2 gnolls (D:1)
  3 adders (D:2)
  2 dart slugs (D:1)
  2 giant cockroaches (D:1)
  5 goblins (D:1)
  2 hobgoblins (D:1)
  11 jackals
  3 kobolds
  5 bats
  3 frilled lizards
  3 rats (D:1)
41 creatures vanquished.

Vanquished Creatures (collateral kills)
  A dart slug (D:1)
  A jackal (D:1)
2 creatures vanquished.

Grand Total: 43 creatures vanquished

Notes
Turn   | Place    | Note
-------+----------+-------------------------------------------
     0 | D:1      | pps the Spriggan Artificer began the quest for the Orb.
     0 | D:1      | Reached XP level 1. HP: 9/9 MP: 4/4
   601 | D:1      | Reached XP level 2. HP: 13/14 MP: 6/6
   783 | D:1      | Reached skill level 1 in Fighting
   886 | D:1      | Reached XP level 3. HP: 7/18 MP: 7/7
  1010 | D:1      | Reached skill level 5 in Evocations
  1650 | D:2      | Reached XP level 4. HP: 5/22 MP: 8/8
  1672 | D:2      | HP: 1/22 [poisoned by an adder]
  2087 | D:2      | Noticed Sigmund
  2402 | D:2      | HP: 1/22 [Sigmund/scythe of freezing (6)]
  2402 | D:2      | Slain by Sigmund

Skill      XL: |  1  2  3 |
---------------+----------+-----
Fighting       | 1 |  1.1
Evocations     | 5 |  5.2
Dodging        | 4 |  4.1
Stealth        | 2 |  2.1
Short Blades   | 2 |  2.7

Action                   |  1- 3 |  4- 6 || total
-------------------------+-------+-------++-------
Melee: Short sword       |   158 |    33 ||   191
Throw: Stone             |       |     5 ||     5
Evoke: Wand              |     1 |       ||     1
 Stab: Sleeping          |     2 |     1 ||     3
       Distracted        |     1 |       ||     1
Armor: Robe              |    13 |     2 ||    15
Dodge: Dodged            |   146 |    43 ||   189
